[Event "ICC tourney 2552 (3 2)"]
[Site "Internet Chess Club"]
[Date "2021.05.07"]
[Round "6"]
[White "VELLORE, INAY:K05-15913368"]
[Black "MAMCHIK, DANNY:K06-16671746"]
[Result "0-1"]
[ICCResult "White checkmated"]
[WhiteElo "1400"]
[BlackElo "1400"]
[Opening "French: Tarrasch, open variation"]
[ECO "C07"]
[NIC "FR.18"]
[Time "20:14:33"]
[PlyCount "146"]
[TimeControl "180+2"]

1. e4 e6 2. d4 d5 3. Nd2 c5 4. c3 dxe4 5. Nxe4 cxd4 6. Qxd4 Qxd4 7. cxd4 f5
8. Nc3 Nf6 9. Bf4 Nc6 10. Bb5 Bd7 11. Bxc6 Bxc6 12. Nf3 Be7 13. O-O-O O-O
14. Rhg1 Rac8 15. Ne5 Bd6 16. Nxc6 Bxf4+ 17. Kb1 Rxc6 18. g3 Bd6 19. d5
exd5 20. Nxd5 Nxd5 21. Rxd5 Rd8 22. Rgd1 g6 23. a3 Kf8 24. Re1 Re8 25. Red1
Ke7 26. Re1+ Kd7 27. Red1 Re6 28. b4 Kc7 29. Kb2 Be5+ 30. Kb3 Bd6 31. Ka4
Ra6+ 32. Kb3 Re5 33. Rc1+ Rc6 34. Rcd1 Rxd5 35. Rxd5 a6 36. a4 b6 37. Rd3
b5 38. a5 Be7 39. Re3 Bf6 40. Rd3 Rd6 41. Re3 Rd7 42. Re8 Rd3+ 43. Kc2 Rc3+
44. Kb1 Rb3+ 45. Ka2 Rxb4 46. Rf8 Ra4+ 47. Kb3 Be7 48. Rf7 Kd6 49. Rxh7 Ke6
50. Rg7 Kf6 51. Rg8 Ra3+ 52. Kb2 Rxa5 53. Rb8 b4 54. Rb6+ Kf7 55. Rb7 Rb5
56. Ra7 a5 57. Kb3 Rc5 58. Ka4 Rc3 59. Kxa5 Ra3+ 60. Kb6 Rxa7 61. Kxa7 b3
62. Ka6 b2 63. Ka5 b1=Q 64. Ka6 Qb4 65. Ka7 Qb5 66. Ka8 Ke8 67. f4 Bd8 68.
h4 Qc6+ 69. Ka7 Qb6+ 70. Ka8 Qa6+ 71. Kb8 Bxh4 72. Kc7 Bxg3 73. Kb8 Bxf4# {
White checkmated } 0-1

[Event "ICC tourney 2552 (3 2)"]
[Site "Internet Chess Club"]
[Date "2021.05.07"]
[Round "6"]
[White "SZEPOK CHUNG, RONNIE:K03-17296250"]
[Black "AYYAPPAN, SANTHOSH:K01-16959235"]
[Result "0-1"]
[ICCResult "White checkmated"]
[WhiteElo "1400"]
[BlackElo "1400"]
[Opening "Giuoco Pianissimo: Canal variation"]
[ECO "C50"]
[NIC "IG.02"]
[Time "20:15:07"]
[PlyCount "94"]
[TimeControl "180+2"]

1. e4 e5 2. Nf3 Nc6 3. Bc4 Bc5 4. Nc3 Nf6 5. d3 d6 6. Bg5 Be6 7. Nd5 Bxd5
8. Bxd5 O-O 9. c3 h6 10. Bh4 Qe7 11. b4 Bb6 12. a4 a6 13. a5 Ba7 14. Qb3
Nd8 15. d4 exd4 16. cxd4 c6 17. Bxf6 Qxf6 18. Bc4 Bxd4 19. Rd1 Be5 20. Nxe5
Qxe5 21. Qd3 d5 22. Bb3 dxe4 23. Qe2 Qc3+ 24. Kf1 Qxb3 25. g3 f5 26. Kg2
Qxb4 27. Qa2+ Kh7 28. Rd7 Qc5 29. Qa1 Rg8 30. Rhd1 Ne6 31. R1d6 Ng5 32. h4
Nf3 33. Qa2 Qc1 34. Rd1 Qc5 35. R1d6 Ne5 36. Rxh6+ Kxh6 37. Qe6+ g6 38. Qf6
Nxd7 39. Qg5+ Kh7 40. Qf4 Qe5 41. Qe3 c5 42. Qd2 Qd4 43. Qc2 c4 44. Qc1 c3
45. h5 gxh5 46. Kh3 Qxf2 47. Qa3 Qxg3# { White checkmated } 0-1

[Event "ICC tourney 2552 (3 2)"]
[Site "Internet Chess Club"]
[Date "2021.05.07"]
[Round "6"]
[White "DUNIKOV, GLIB:K05-16572317"]
[Black "RODIC, ELLIOT:K05-16510635"]
[Result "1-0"]
[ICCResult "Black forfeits on time"]
[WhiteElo "1400"]
[BlackElo "1400"]
[Opening "King's gambit"]
[ECO "C30"]
[NIC "KG.05"]
[Time "20:14:16"]
[PlyCount "111"]
[TimeControl "180+2"]

1. e4 e5 2. f4 d6 3. Nf3 Nc6 4. Bc4 Bg4 5. c3 Nf6 6. d3 Be7 7. O-O O-O 8.
h3 Bxf3 9. Qxf3 Nd7 10. f5 Bg5 11. Bxg5 Qxg5 12. Na3 a6 13. Nc2 Kh8 14. Ne3
Nf6 15. Bd5 Rab8 16. Bxc6 bxc6 17. Rab1 Rfd8 18. Nc4 Re8 19. Ne3 Rbd8 20.
c4 c5 21. Nc2 Nh5 22. Ne3 Nf4 23. Nd5 Nxd5 24. cxd5 Rb8 25. a3 Rb3 26. Qd1
Qe3+ 27. Kh1 Qxd3 28. Re1 Qg3 29. Rf1 Reb8 30. Rf3 Rxf3 31. Qxf3 Qxf3 32.
gxf3 Rb3 33. Kg2 g6 34. f6 c4 35. Rc1 Rxb2+ 36. Kg3 Rb7 37. Rxc4 Kg8 38.
Rc6 Ra7 39. Kf2 Kf8 40. Ke3 Ke8 41. Kd3 Kd7 42. Kc4 Kc8 43. Kd3 Kb7 44. Ke2
Ra8 45. Kf2 h5 46. h4 Rg8 47. Rc1 g5 48. Rg1 g4 49. fxg4 hxg4 50. Kg3 Rg6
51. Rf1 c6 52. h5 Rg8 53. dxc6+ Kxc6 54. Rd1 Kd7 55. Rb1 Ke6 56. Rf1 {
Black forfeits on time } 1-0

[Event "ICC tourney 2552 (3 2)"]
[Site "Internet Chess Club"]
[Date "2021.05.07"]
[Round "6"]
[White "KUO, TRISTAN:K06-16624110"]
[Black "RAHUL PAREKH, KANAK:K03-16747551"]
[Result "0-1"]
[ICCResult "White checkmated"]
[WhiteElo "1400"]
[BlackElo "1400"]
[Opening "King's Indian defense, 3.Nc3"]
[ECO "E90"]
[NIC "KI.21"]
[Time "20:14:44"]
[PlyCount "120"]
[TimeControl "180+2"]

1. d4 Nf6 2. c4 g6 3. Nc3 Bg7 4. Nf3 O-O 5. e4 d6 6. Bf4 c6 7. e5 dxe5 8.
Nxe5 Re8 9. d5 cxd5 10. Nxd5 Nxd5 11. Qxd5 Qxd5 12. cxd5 Rd8 13. Bc4 Bf5
14. O-O Nd7 15. Rfe1 Nxe5 16. Bxe5 Bxe5 17. Rxe5 Rac8 18. Bb3 Kf8 19. h3 f6
20. Re3 Rd6 21. Rae1 Rc7 22. g4 Bd7 23. Rxe7 Kg8 24. Ba4 Rxd5 25. Bxd7
Rdxd7 26. Rxd7 Rxd7 27. Re6 Kf7 28. Re3 g5 29. Ra3 a6 30. Kg2 Kg6 31. Kg3
h5 32. h4 hxg4 33. Kxg4 Rd4+ 34. Kg3 gxh4+ 35. Kh3 Rd2 36. Ra4 Rxb2 37.
Rxh4 Rxf2 38. Rg4+ Kf5 39. Rb4 Rf3+ 40. Kg2 Ra3 41. Rxb7 Rxa2+ 42. Kg3 Ra3+
43. Kf2 a5 44. Ke2 Kf4 45. Kd2 f5 46. Rb5 Kg4 47. Kc2 f4 48. Kd2 Kf3 49.
Kd1 Kf2 50. Rb2+ Kf1 51. Re2 Ra1+ 52. Kd2 Ra2+ 53. Kd1 Rxe2 54. Kc1 a4 55.
Kb1 a3 56. Ka1 f3 57. Kb1 Kg1 58. Ka1 f2 59. Kb1 Rb2+ 60. Ka1 f1=Q# { White
checkmated } 0-1

[Event "ICC tourney 2552 (3 2)"]
[Site "Internet Chess Club"]
[Date "2021.05.07"]
[Round "6"]
[White "JANI, AAKASH:K01-17179264"]
[Black "WANG, OLLI:K06-17042860"]
[Result "0-1"]
[ICCResult "White forfeits on time"]
[WhiteElo "1400"]
[BlackElo "1400"]
[Opening "Caro-Kann: advance variation"]
[ECO "B12"]
[NIC "CK.04"]
[Time "20:15:07"]
[PlyCount "94"]
[TimeControl "180+2"]

1. e4 c6 2. d4 d5 3. e5 Bf5 4. Nc3 e6 5. Nf3 c5 6. Be3 cxd4 7. Bxd4 Nc6 8.
Be2 Bg4 9. h3 Bxf3 10. Bxf3 Nxd4 11. Qxd4 Ne7 12. O-O-O Nf5 13. Qd2 Be7 14.
g4 Bg5 15. gxf5 Bxd2+ 16. Rxd2 d4 17. Bxb7 Rb8 18. Bc6+ Ke7 19. fxe6 fxe6
20. Rhd1 Qc7 21. Rxd4 Qxc6 22. Rd6 Qf3 23. Rd7+ Kf8 24. Rd8+ Rxd8 25. Rxd8+
Ke7 26. Rxh8 Qf4+ 27. Kd1 Qxe5 28. Rc8 Qh5+ 29. Kd2 Qg5+ 30. Ke2 Qe5+ 31.
Kd2 Qf4+ 32. Ke2 Qe5+ 33. Kd2 Qd6+ 34. Ke2 Qa6+ 35. Kd2 Qxc8 36. f3 Qd7+
37. Kc1 Qc7 38. a3 Qe5 39. Kb1 Qf4 40. Ka2 Qxf3 41. Ka1 Qxh3 42. Ka2 e5 43.
Nd5+ Kd6 44. Nc3 Qe6+ 45. Kb1 e4 46. Kc1 e3 47. Kd1 Kc5 { White forfeits on
time } 0-1

[Event "ICC tourney 2552 (3 2)"]
[Site "Internet Chess Club"]
[Date "2021.05.07"]
[Round "6"]
[White "STINGLEY, MAX:K05-16512763"]
[Black "LIU, HEMING:K03-17283651"]
[Result "1-0"]
[ICCResult "Black forfeits on time"]
[WhiteElo "1400"]
[BlackElo "1400"]
[Opening "Two knights defense"]
[ECO "C55"]
[NIC "IG.01"]
[Time "20:14:44"]
[PlyCount "111"]
[TimeControl "180+2"]

1. e4 e5 2. Nf3 Nc6 3. Bc4 Nf6 4. O-O Nxe4 5. Re1 d5 6. Bb5 Bc5 7. Re2 O-O
8. Bxc6 bxc6 9. Nxe5 Qd6 10. Nf3 Bg4 11. d4 Bb6 12. Re3 Ng5 13. Nbd2 Bxd4
14. Rd3 Bb6 15. h3 Nxf3+ 16. Nxf3 Bh5 17. c4 Rad8 18. cxd5 cxd5 19. Qb3 Bg6
20. Rc3 d4 21. Rc4 d3 22. Bd2 Rfe8 23. Re1 Bf5 24. Rxe8+ Rxe8 25. Rf4 Be6
26. Qc3 h6 27. Rg4 Bxg4 28. hxg4 a5 29. a3 Qg6 30. Ne5 Qf6 31. Nxd3 Qxc3
32. Bxc3 Rd8 33. Ne5 Rd1+ 34. Kh2 Bxf2 35. Nc4 Bd4 36. Bxa5 c5 37. b4 cxb4
38. Bxb4 Rc1 39. Nd6 Be5+ 40. g3 Rc2+ 41. Kh3 Bxd6 42. Bxd6 Rc3 43. Bb4 Rc4
44. Bd6 f6 45. Bb4 Kf7 46. Bd2 Ra4 47. Bb4 Ke6 48. Kh4 f5 49. gxf5+ Kxf5
50. Kh5 Ra6 51. g4+ Kf4 52. Kh4 h5 53. Kxh5 g6+ 54. Kh4 g5+ 55. Kh5 Rb6 56.
Bd2+ { Black forfeits on time } 1-0

[Event "ICC tourney 2552 (3 2)"]
[Site "Internet Chess Club"]
[Date "2021.05.07"]
[Round "6"]
[White "ROY, AYUSH:K05-16710940"]
[Black "MANIKANDAN, SIDDHARTH:K05-15223658"]
[Result "0-1"]
[ICCResult "White checkmated"]
[WhiteElo "1400"]
[BlackElo "1400"]
[Opening "Queen's gambit declined"]
[ECO "D30"]
[NIC "QP.08"]
[Time "20:15:04"]
[PlyCount "108"]
[TimeControl "180+2"]

1. d4 d5 2. c4 e6 3. a3 Nf6 4. Nc3 a5 5. Bg5 Nc6 6. e3 Be7 7. g3 O-O 8. Bg2
dxc4 9. Nge2 Nd5 10. Bxe7 Ncxe7 11. Nxd5 e5 12. Nxe7+ Qxe7 13. O-O e4 14.
Nc3 Bf5 15. Nd5 Qd6 16. Nc3 Rfe8 17. d5 Qb6 18. Qc2 Rad8 19. Rad1 Qg6 20.
Nb5 Bg4 21. Rd2 c6 22. dxc6 Rxd2 23. Qxd2 Qxc6 24. Nc3 Bf3 25. Qd4 Qe6 26.
Nd5 Rd8 27. Nf4 Rxd4 28. Nxe6 Rd2 29. Rb1 fxe6 30. Bxf3 exf3 31. Kf1 Kf8
32. Ke1 Re2+ 33. Kf1 Ke7 34. h4 b5 35. b3 c3 36. Rc1 b4 37. a4 c2 38. g4
Kd6 39. g5 Ke5 40. Ra1 Ke4 41. Rc1 Kd3 42. h5 Kd2 43. Ra1 c1=Q+ 44. Rxc1
Kxc1 45. Kg1 Kd2 46. Kh2 Rxf2+ 47. Kg3 Ke2 48. e4 e5 49. g6 Rg2+ 50. Kh4 h6
51. Kh3 Kf2 52. Kh4 Ke3 53. Kh3 Kf4 54. Kh4 Rh2# { White checkmated } 0-1

[Event "ICC tourney 2552 (3 2)"]
[Site "Internet Chess Club"]
[Date "2021.05.07"]
[Round "6"]
[White "PATANKAR, VIJAY:K06-16438548"]
[Black "NITIN PATIL, AARADHYA:K03-17349055"]
[Result "1-0"]
[ICCResult "Black checkmated"]
[WhiteElo "1400"]
[BlackElo "1253"]
[Opening "Réti: King's Indian attack (Barcza system)"]
[ECO "A07"]
[NIC "QP.09"]
[Time "20:14:11"]
[PlyCount "137"]
[TimeControl "180+2"]

1. Nf3 d5 2. g3 Nc6 3. Bg2 e5 4. d3 Nf6 5. O-O Bc5 6. c4 dxc4 7. dxc4 Qxd1
8. Rxd1 O-O 9. Nc3 Bg4 10. Bg5 Bxf3 11. Bxf3 Rad8 12. Rxd8 Rxd8 13. Nd5 Rd7
14. Bxf6 Nb4 15. Bxe5 Nxd5 16. Bxd5 c6 17. Bg2 Rd2 18. e3 f6 19. Bc3 Re2
20. Bf3 Rc2 21. Bd1 Rxc3 22. bxc3 Bb6 23. Rb1 Kf7 24. c5 Bxc5 25. Rxb7+ Kg6
26. a4 Kf5 27. Bc2+ Kg5 28. Rxg7+ Kh6 29. Rxh7+ Kg5 30. f4+ Kg4 31. Rh4+
Kf3 32. Kf1 Bxe3 33. Rh6 f5 34. Bxf5 c5 35. g4 c4 36. Be6 Bxf4 37. Bxc4
Bxh6 38. h3 Kg3 39. Ke2 Kxh3 40. Be6 Kg3 41. c4 Kf4 42. c5 Ke5 43. Bc4 Bg5
44. c6 Kd6 45. Bb5 Kc7 46. Kf3 Bd2 47. Ke4 a5 48. Kf5 Kb6 49. g5 Bxg5 50.
Kxg5 Kc7 51. Kf6 Kd6 52. Kf7 Kc7 53. Ke7 Kc8 54. Ba6+ Kc7 55. Bb7 Kb6 56.
Kd7 Kc5 57. c7 Kb4 58. c8=Q Kxa4 59. Qc4+ Ka3 60. Bc6 Kb2 61. Qb5+ Ka3 62.
Qxa5+ Kb2 63. Qc5 Ka2 64. Qb4 Ka1 65. Kd6 Ka2 66. Kc5 Ka1 67. Kd4 Ka2 68.
Kc3 Ka1 69. Qb2# { Black checkmated } 1-0

[Event "ICC tourney 2552 (3 2)"]
[Site "Internet Chess Club"]
[Date "2021.05.07"]
[Round "6"]
[White "YANG, AIMEE:K01-30082227"]
[Black "MADDINENI, SHISHIR:K05-17244051"]
[Result "0-1"]
[ICCResult "White forfeits on time"]
[WhiteElo "1400"]
[BlackElo "1400"]
[Opening "Giuoco Pianissimo"]
[ECO "C55"]
[NIC "IG.01"]
[Time "20:19:14"]
[PlyCount "50"]
[TimeControl "180+2"]

1. e4 e5 2. Nf3 Nc6 3. Bc4 Nf6 4. d3 Bc5 5. Bg5 d6 6. h3 Be6 7. Bxe6 fxe6
8. Nc3 Qe7 9. Qe2 O-O-O 10. O-O-O h6 11. Bh4 g5 12. Bg3 Nh5 13. Bh2 Nf4 14.
Bxf4 gxf4 15. Rhe1 Nd4 16. Nxd4 Bxd4 17. f3 d5 18. exd5 exd5 19. Kb1 Qb4
20. Qd2 Rd6 21. a3 Qb6 22. Ka1 Rc6 23. Rf1 Qa5 24. Rfe1 Bxc3 25. bxc3 Rxc3
{ White forfeits on time } 0-1

[Event "ICC tourney 2552 (3 2)"]
[Site "Internet Chess Club"]
[Date "2021.05.07"]
[Round "6"]
[White "WU, TERRAIN:K01-30135638"]
[Black "SOMARAM, AKANKSHA:K05-17045572"]
[Result "1/2-1/2"]
[ICCResult "Black stalemated"]
[WhiteElo "1400"]
[BlackElo "1400"]
[Opening "QGD: 4.Bg5"]
[ECO "D43"]
[NIC "QO.16"]
[Time "20:14:44"]
[PlyCount "159"]
[TimeControl "180+2"]

1. d4 d5 2. c4 e6 3. Nc3 Nf6 4. Bg5 c6 5. Nf3 h6 6. Bh4 g5 7. Bg3 Bd7 8. e3
c5 9. dxc5 Bxc5 10. Be2 Bc6 11. O-O O-O 12. Be5 Nbd7 13. Bxf6 Nxf6 14. Qd3
Qe7 15. Ne5 Rad8 16. Rfd1 d4 17. Nxc6 bxc6 18. Qc2 dxc3 19. bxc3 h5 20.
Rxd8 Qxd8 21. Bd3 Qd6 22. Rd1 Qe5 23. h3 g4 24. hxg4 hxg4 25. Be2 Bd6 26.
g3 Nh5 27. Bxg4 Nxg3 28. fxg3 Qxg3+ 29. Kf1 Qxg4 30. Rxd6 Qf3+ 31. Qf2 Qg4
32. Qg2 Qxg2+ 33. Kxg2 f5 34. Rxc6 Rf6 35. Kf3 Kg7 36. Kf4 Kg6 37. Ke5 Kf7
38. Rc7+ Kg6 39. Rxa7 Kg5 40. c5 f4 41. exf4+ Rxf4 42. Kxe6 Rc4 43. Kd5
Rxc3 44. c6 Kf6 45. c7 Ke7 46. a4 Kd7 47. a5 Rxc7 48. Rxc7+ Kxc7 49. Kc5
Kb7 50. Kb5 Ka7 51. a6 Ka8 52. Ka5 Ka7 53. Kb5 Ka8 54. Kb6 Kb8 55. Kc6 Ka7
56. Kb5 Ka8 57. Kb6 Kb8 58. Ka5 Ka7 59. Kb5 Ka8 60. Kb6 Kb8 61. Kb5 Ka7 62.
Ka5 Ka8 63. Kb5 Kb8 64. Kb6 Ka8 65. Kc6 Ka7 66. Kb5 Kb8 67. Ka5 Ka7 68. Kb5
Ka8 69. Kb6 Kb8 70. Kc6 Ka7 71. Kb5 Ka8 72. Kb6 Kb8 73. Kc6 Ka7 74. Kb5 Ka8
75. Kb6 Kb8 76. Kc6 Ka7 77. Kb5 Ka8 78. Kb6 Kb8 79. a7+ Ka8 80. Ka6 { Black
stalemated } 1/2-1/2

[Event "ICC tourney 2552 (3 2)"]
[Site "Internet Chess Club"]
[Date "2021.05.07"]
[Round "6"]
[White "LI, ALBERT:K01-30047481"]
[Black "ENMING LIN, BRYAN:K05-30020975"]
[Result "0-1"]
[ICCResult "White checkmated"]
[WhiteElo "1400"]
[BlackElo "1400"]
[Opening "Two knights defense (Modern bishop's opening)"]
[ECO "C24"]
[NIC "IG.04"]
[Time "20:15:02"]
[PlyCount "130"]
[TimeControl "180+2"]

1. e4 e5 2. Bc4 Nf6 3. d3 Nc6 4. Nf3 Be7 5. c3 O-O 6. Bb3 d5 7. Nbd2 dxe4
8. dxe4 Bg4 9. O-O Bd6 10. Qe2 Kh8 11. h3 Bh5 12. Re1 Nd7 13. Nf1 f6 14.
Ng3 Bg6 15. Nh2 Nb6 16. Qf3 a5 17. Nf5 Bxf5 18. Qxf5 a4 19. Bc2 Ne7 20. Qg4
Qd7 21. Qg3 Ng6 22. Nf3 Qf7 23. b3 a3 24. b4 Na4 25. Re3 Nb2 26. Nh4 Nxh4
27. Qxh4 c5 28. bxc5 Bxc5 29. Rg3 g5 30. Qg4 b5 31. Bb3 Qa7 32. Qf5 Qe7 33.
Bd5 Rad8 34. Bd2 Nc4 35. Be3 Nxe3 36. fxe3 Qa7 37. Qf3 Qd7 38. Kh1 f5 39.
exf5 Qxd5 40. Qxd5 Rxd5 41. Rxg5 Bxe3 42. Rh5 Rfd8 43. g4 Bf4 44. h4 Rd2
45. g5 Rh2+ 46. Kg1 Rdd2 47. f6 Rdg2+ 48. Kf1 Rxg5 49. f7 Kg7 50. Rxh7+ Kf8
51. Rd1 Rg7 52. Rd8+ Kxf7 53. Rd7+ Kf6 54. Rhxg7 Rxa2 55. Rdf7+ Ke6 56. Rh7
Ra1+ 57. Kf2 a2 58. h5 Rf1+ 59. Kxf1 a1=Q+ 60. Kf2 Qb2+ 61. Kf3 Qxc3+ 62.
Kf2 Qg3+ 63. Ke2 Qg2+ 64. Kd3 Qd2+ 65. Ke4 Qe2# { White checkmated } 0-1

[Event "ICC tourney 2552 (3 2)"]
[Site "Internet Chess Club"]
[Date "2021.05.07"]
[Round "6"]
[White "KEDARESH DESHPANDE, AARYAV:K01-30164037"]
[Black "LEE WANG, HUBERT:K05-17101448"]
[Result "1/2-1/2"]
[ICCResult "White stalemated"]
[WhiteElo "1400"]
[BlackElo "1400"]
[Opening "KP: Patzer opening"]
[ECO "C20"]
[NIC "KP.10"]
[Time "20:14:16"]
[PlyCount "152"]
[TimeControl "180+2"]

1. e4 e5 2. Qh5 Nc6 3. Bc4 g6 4. Qf3 Nf6 5. Ne2 Bc5 6. d3 d6 7. h3 d5 8.
Bb3 dxe4 9. dxe4 h6 10. Nbc3 Be6 11. Bxe6 fxe6 12. Be3 Bxe3 13. fxe3 Qe7
14. O-O-O Nd7 15. g4 O-O-O 16. Ng3 Nc5 17. Rxd8+ Rxd8 18. Nge2 g5 19. Qg3
Qd6 20. Qf2 Nb4 21. Rd1 Ncd3+ 22. cxd3 Nxd3+ 23. Kc2 Nxf2 24. Rxd6 Rxd6 25.
Nb5 Ra6 26. Nbc3 Nxh3 27. Nc1 Rd6 28. Nb3 Rd8 29. Nb5 Kb8 30. Nc5 Rh8 31.
Nxe6 h5 32. gxh5 Rxh5 33. Ng7 Rh7 34. Nf5 g4 35. Ng3 Ng1 36. a4 Rh3 37. Nf1
g3 38. Nxg3 Rxg3 39. Kd2 c6 40. Nd6 Kc7 41. Nf5 Rg5 42. Ne7 Kd7 43. Nf5
Nf3+ 44. Kd3 b6 45. b4 c5 46. bxc5 bxc5 47. a5 a6 48. Ke2 Nd4+ 49. Nxd4
exd4 50. exd4 cxd4 51. Kd3 Rxa5 52. Kxd4 Rb5 53. e5 Rxe5 54. Kxe5 Kc6 55.
Kd4 Kb5 56. Kc3 a5 57. Kb3 a4+ 58. Ka3 Ka5 59. Ka2 Kb4 60. Kb2 Kb5 61. Ka3
Ka5 62. Ka2 Kb4 63. Kb2 Kb5 64. Ka3 Ka5 65. Kb2 Kb4 66. Ka2 a3 67. Ka1 Kb3
68. Kb1 Ka4 69. Ka2 Kb4 70. Kb1 Ka4 71. Ka2 Kb4 72. Kb1 Kb3 73. Ka1 Kc3 74.
Ka2 Kb4 75. Kb1 Kb3 76. Ka1 a2 { White stalemated } 1/2-1/2

[Event "ICC tourney 2552 (3 2)"]
[Site "Internet Chess Club"]
[Date "2021.05.07"]
[Round "7"]
[White "JANI, AAKASH:K01-17179264"]
[Black "GUPTA, VIHAAN:K01-30156581"]
[Result "1-0"]
[ICCResult "Black checkmated"]
[WhiteElo "1400"]
[BlackElo "1084"]
[Opening "Philidor's defense"]
[ECO "C41"]
[NIC "KP.10"]
[Time "20:30:10"]
[PlyCount "25"]
[TimeControl "180+2"]

1. e4 e5 2. Nf3 d6 3. Bc4 Bg4 4. Nc3 Nc6 5. d3 Nf6 6. Bg5 h6 7. Be3 Be7 8.
Qd2 Bxf3 9. gxf3 O-O 10. Rg1 g5 11. Bxg5 hxg5 12. Qxg5+ Kh7 13. Qg7# {
Black checkmated } 1-0

[Event "ICC tourney 2552 (3 2)"]
[Site "Internet Chess Club"]
[Date "2021.05.07"]
[Round "7"]
[White "SKELCHER, OLIVER:K03-16721997"]
[Black "THOMPSON, PETER:K06-16717682"]
[Result "1-0"]
[ICCResult "Black checkmated"]
[WhiteElo "1400"]
[BlackElo "1400"]
[Opening "Two knights defense"]
[ECO "C57"]
[NIC "KP.01"]
[Time "20:30:10"]
[PlyCount "31"]
[TimeControl "180+2"]

1. e4 e5 2. Nf3 Nc6 3. Bc4 Nf6 4. Ng5 d5 5. exd5 Nxd5 6. Qf3 Be6 7. Nxe6
fxe6 8. Qh5+ g6 9. Qf3 Qd6 10. Bxd5 exd5 11. O-O O-O-O 12. Re1 e4 13. Qh3+
Rd7 14. d3 exd3 15. cxd3 Nd4 16. Re8# { Black checkmated } 1-0

[Event "ICC tourney 2552 (3 2)"]
[Site "Internet Chess Club"]
[Date "2021.05.07"]
[Round "7"]
[White "KAUL, KABIR:K05-30154365"]
[Black "NULU, AVANEESH:K03-17121270"]
[Result "0-1"]
[ICCResult "White checkmated"]
[WhiteElo "1209"]
[BlackElo "1400"]
[Opening "Ruy Lopez: exchange variation"]
[ECO "C68"]
[NIC "RL.08"]
[Time "20:30:10"]
[PlyCount "34"]
[TimeControl "180+2"]

1. e4 e5 2. Nf3 Nc6 3. Bb5 a6 4. Bxc6 dxc6 5. d3 Bd6 6. O-O Nf6 7. Nc3 O-O
8. Bg5 h6 9. Bxf6 Qxf6 10. Re1 Bg4 11. Re3 Bc5 12. Re1 Bxf3 13. gxf3 Qg5+
14. Kf1 Qh4 15. Kg1 Bxf2+ 16. Kf1 Bd4 17. a4 Qf2# { White checkmated } 0-1

[Event "ICC tourney 2552 (3 2)"]
[Site "Internet Chess Club"]
[Date "2021.05.07"]
[Round "7"]
[White "SWAIN, HRIDARSH:K03-30023727"]
[Black "SCOLLON, OWEN:K05-17108421"]
[Result "0-1"]
[ICCResult "White checkmated"]
[WhiteElo "1400"]
[BlackElo "1400"]
[Opening "Petrov three knights game"]
[ECO "C42"]
[NIC "RG.01"]
[Time "20:29:33"]
[PlyCount "20"]
[TimeControl "180+2"]

1. e4 e5 2. Nf3 Nf6 3. Nc3 Bc5 4. Bc4 Ng4 5. O-O Nc6 6. h3 h5 7. hxg4 hxg4
8. Ne1 Qh4 9. Bxf7+ Kxf7 10. Nf3 Qh1# { White checkmated } 0-1

[Event "ICC tourney 2552 (3 2)"]
[Site "Internet Chess Club"]
[Date "2021.05.07"]
[Round "7"]
[White "NITIN PATIL, AARADHYA:K03-17349055"]
[Black "LAM, ETHAN:K03-30150899"]
[Result "1-0"]
[ICCResult "Black checkmated"]
[WhiteElo "1253"]
[BlackElo "1400"]
[Opening "Giuoco Piano"]
[ECO "C53"]
[NIC "IG.02"]
[Time "20:29:21"]
[PlyCount "67"]
[TimeControl "180+2"]

1. e4 e5 2. Nf3 Nc6 3. Bc4 Bc5 4. c3 d6 5. d4 exd4 6. cxd4 Bb4+ 7. Bd2
Bxd2+ 8. Nbxd2 Bg4 9. h3 Bxf3 10. Qxf3 Nf6 11. Nb3 O-O 12. O-O Qe7 13. Rfe1
Rae8 14. Bd5 Nxd5 15. exd5 Nxd4 16. Nxd4 Qd7 17. Qf5 Rxe1+ 18. Rxe1 Qxf5
19. Nxf5 g6 20. Nd4 c5 21. dxc6 bxc6 22. Nxc6 Rc8 23. Ne7+ Kf8 24. Nxc8 Kg7
25. Nxd6 Kf6 26. Nc8 Kg7 27. Nxa7 Kf8 28. b4 Kg7 29. b5 Kf8 30. b6 Kg7 31.
b7 Kh6 32. b8=Q Kh5 33. Qe5+ Kh4 34. Re4# { Black checkmated } 1-0

[Event "ICC tourney 2552 (3 2)"]
[Site "Internet Chess Club"]
[Date "2021.05.07"]
[Round "7"]
[White "RAJEEV, AMEYA:K05-16305755"]
[Black "STINGLEY, MAX:K05-16512763"]
[Result "0-1"]
[ICCResult "White checkmated"]
[WhiteElo "1400"]
[BlackElo "1400"]
[Opening "Robatsch (modern) defense"]
[ECO "B06"]
[NIC "KF.05"]
[Time "20:30:10"]
[PlyCount "66"]
[TimeControl "180+2"]

1. e4 g6 2. d4 Bg7 3. Nf3 c5 4. c3 cxd4 5. cxd4 d5 6. Nc3 dxe4 7. Nxe4 Bf5
8. Nc3 Nc6 9. Be3 e6 10. Bb5 Ne7 11. O-O O-O 12. Bd3 Bxd3 13. Qxd3 Nb4 14.
Qd2 Nbd5 15. Ne4 Nxe3 16. fxe3 Nd5 17. Rad1 Bh6 18. Rde1 Qf6 19. Ne5 Qd8
20. Qf2 Qc7 21. Nf6+ Nxf6 22. Qxf6 Bg7 23. Qg5 f6 24. Qg4 fxe5 25. Qxe6+
Kh8 26. dxe5 Qxe5 27. Rxf8+ Rxf8 28. Qh3 Qf5 29. Qg3 Be5 30. Qh4 Qf6 31.
Qc4 Qf2+ 32. Kh1 Qxe1+ 33. Qf1 Qxf1# { White checkmated } 0-1

[Event "ICC tourney 2552 (3 2)"]
[Site "Internet Chess Club"]
[Date "2021.05.07"]
[Round "7"]
[White "AYYAPPAN, SANTHOSH:K01-16959235"]
[Black "RAGHAV JEGAN, ASHWIN:K05-16548454"]
[Result "1-0"]
[ICCResult "Black checkmated"]
[WhiteElo "1400"]
[BlackElo "1400"]
[Opening "Two knights defense"]
[ECO "C57"]
[NIC "KP.01"]
[Time "20:29:32"]
[PlyCount "57"]
[TimeControl "180+2"]

1. e4 e5 2. Nf3 Nc6 3. Bc4 Nf6 4. Ng5 d5 5. exd5 Nxd5 6. Qf3 Qxg5 7. Bxd5
Qg6 8. Bxc6+ Bd7 9. Bxd7+ Kxd7 10. d3 Rb8 11. O-O Bd6 12. Nc3 Rhe8 13. Be3
a6 14. Rad1 Bb4 15. Nd5 Bd6 16. a3 e4 17. dxe4 Rxe4 18. Bc5 Rf4 19. Nxf4
Qxc2 20. Bxd6 cxd6 21. Qg4+ Kc6 22. Qxg7 Kb6 23. Qd4+ Kc7 24. Rc1 Qxc1 25.
Rxc1+ Kd7 26. Nd5 Re8 27. Rc7+ Kd8 28. Qf6+ Re7 29. Qxe7# { Black
checkmated } 1-0

[Event "ICC tourney 2552 (3 2)"]
[Site "Internet Chess Club"]
[Date "2021.05.07"]
[Round "7"]
[White "WEI, STANLEY:K05-17311215"]
[Black "FU, JAYDEN:K01-30152838"]
[Result "1-0"]
[ICCResult "Black checkmated"]
[WhiteElo "1400"]
[BlackElo "1400"]
[Opening "Ruy Lopez (Spanish opening)"]
[ECO "C60"]
[NIC "RL.01"]
[Time "20:30:10"]
[PlyCount "33"]
[TimeControl "180+2"]

1. e4 e5 2. Nf3 Nc6 3. Bb5 d5 4. Nc3 d4 5. Nb1 a6 6. Ba4 b5 7. Bb3 a5 8. c3
b4 9. a3 bxc3 10. bxc3 dxc3 11. Nxc3 Bg4 12. h3 Bxf3 13. Qxf3 Qd4 14. Qxf7+
Kd8 15. Nb5 Qxa1 16. Qxc7+ Ke8 17. Bf7# { Black checkmated } 1-0

[Event "ICC tourney 2552 (3 2)"]
[Site "Internet Chess Club"]
[Date "2021.05.07"]
[Round "7"]
[White "MADDINENI, SHISHIR:K05-17244051"]
[Black "MINAYA LEMONDS, IBAI:K01-30033467"]
[Result "1-0"]
[ICCResult "Black resigns"]
[WhiteElo "1400"]
[BlackElo "1400"]
[Opening "Giuoco Pianissimo: Italian four knights variation"]
[ECO "C55"]
[NIC "IG.01"]
[Time "20:29:43"]
[PlyCount "51"]
[TimeControl "180+2"]

1. e4 e5 2. Nf3 Nc6 3. Bc4 Nf6 4. d3 Bc5 5. Nc3 d6 6. Be3 Bxe3 7. fxe3 Be6
8. b3 Qe7 9. Qd2 O-O-O 10. O-O h5 11. Rab1 h4 12. Nd5 Qf8 13. Ng5 Bg4 14.
Nxf6 gxf6 15. Nxf7 Rg8 16. Nxd8 Kxd8 17. Bxg8 Qxg8 18. Qf2 Kc8 19. Qxf6 h3
20. Qf8+ Qxf8 21. Rxf8+ Kd7 22. gxh3 Bxh3 23. Kf2 Ne7 24. Kg3 Bf5 25. h4
Bh7 26. h5 { Black resigns } 1-0

[Event "ICC tourney 2552 (3 2)"]
[Site "Internet Chess Club"]
[Date "2021.05.07"]
[Round "7"]
[White "WANG, OLLI:K06-17042860"]
[Black "KEDARESH DESHPANDE, AARYAV:K01-30164037"]
[Result "1-0"]
[ICCResult "Black checkmated"]
[WhiteElo "1400"]
[BlackElo "1400"]
[Opening "Danish gambit"]
[ECO "C21"]
[NIC "KP.04"]
[Time "20:30:10"]
[PlyCount "35"]
[TimeControl "180+2"]

1. e4 e5 2. d4 exd4 3. c3 dxc3 4. Nxc3 Bc5 5. Bc4 d6 6. Nf3 Nc6 7. O-O Nf6
8. Bg5 O-O 9. Re1 Bd7 10. Nd5 Be6 11. Nxf6+ gxf6 12. Bxe6 fxe6 13. Bh6 Re8
14. Nh4 Ne7 15. Qg4+ Ng6 16. Nxg6 hxg6 17. Qxg6+ Kh8 18. Qg7# { Black
checkmated } 1-0